 Dungeon Crawl Stone Soup version 0.31-a0-675-g238779eb0a (webtiles) character file.

Game seed: 17923166531152470803

25 qw the Shooter (level 3, -1/21 HPs)
             Began as a Gargoyle Hunter on Sept 5, 2023.
             Slain by a gnoll
             ... wielding a +3 spear
              (5 damage)
             ... on level 2 of the Dungeon.
             The game lasted 00:00:18 (1083 turns).

qw the Shooter (Gargoyle Hunter)                    Turns: 1083, Time: 00:00:19

Health: -1/21      AC:  6    Str: 14    XL:     3   Next: 4%
Magic:  3/3        EV: 11    Int:  9    God:
Gold:   27         SH:  0    Dex: 15    Spells: 2/2 levels left

rFire   . . .        Y - +0 shortbow
rCold   . . .        (shield currently unavailable)
rNeg    + . .        c - +0 leather armour
rPois   inf          (no helmet)
rElec   +            (no cloak)
rCorr   .            (no gloves)
SInv    .            (no boots)
Will    .....        (no amulet)
Stlth   ++           (no ring)
HPRegen 0.23/turn    (no ring)
MPRegen 0.08/turn

%: no passive effects
@: no status effects
A: sickness immunity, AC +3, negative energy resistance 1, electricity
resistance, torment resistance 1, petrification resistance
a: no special abilities


You were on level 2 of the Dungeon.
You visited 1 branch of the dungeon, and saw 2 of its levels.

You collected 27 gold pieces.


Innate Abilities, Weirdness & Mutations

You are immune to sickness and miasma.
Your stone body is resilient. (AC +3)
You are immune to poison.
You resist negative energy. (rN+)
You are resistant to electric shocks. (rElec)
You are resistant to unholy torment.
You are immune to petrification.


   Skills:
 - Level 2.1 Fighting
 + Level 4.9 Ranged Weapons
 - Level 1.5 Dodging
 - Level 1.1 Stealth


You had 2 spell levels left.
You didn't know any spells.
Your spell library was empty.

Inventory:

Hand Weapons
 Y - a +0 shortbow (weapon)
Armour
 c - a +0 leather armour (worn)
Scrolls
 a - a scroll of noise {unknown}
Potions
 e - a potion of brilliance {unknown}
 g - 2 potions of heal wounds {unknown}

Dungeon Overview and Level Annotations

Branches:
Dungeon (2/15)

Altars:

Shops:
D:1 !


Message History

1075 ||| Stepping ~*~*~tactically~*~*~ (retreating).
Enter note:
1076 |||
Found retreat position at -4,3 (floor) with 0 blocking monsters and 3 monsters attacking at destination at distance 4
1076 ||| Stepping ~*~*~tactically~*~*~ (retreating).
The quokka closely misses you. The gnoll misses you.
Enter note:
1077 |||
Found retreat position at -3,2 (floor) with 0 blocking monsters and 3 monsters attacking at destination at distance 3
1077 ||| Stepping ~*~*~tactically~*~*~ (retreating).
The gnoll closely misses you.
The gnoll hits you from afar with a +3 spear.
The quokka attacks as it pursues you! The quokka closely misses you.
Enter note:
1078 |||
Found retreat position at -2,1 (floor) with 0 blocking monsters and 3 monsters attacking at destination at distance 2
1078 ||| Stepping ~*~*~tactically~*~*~ (retreating).
Enter note:
1079 |||
Found retreat position at -1,0 (floor) with 0 blocking monsters and 3 monsters attacking at destination at distance 1
1079 ||| Stepping ~*~*~tactically~*~*~ (retreating).
The quokka bites you.
You shoot an arrow. The arrow closely misses the quokka.
The arrow hits the gnoll.
The gnoll is lightly wounded.
The quokka closely misses you.
You shoot an arrow. The arrow hits the quokka.
The quokka is lightly wounded.
The quokka bites you but does no damage.
The gnoll misses you.
The gnoll hits you from afar with a +3 spear.
You shoot an arrow. The arrow barely misses the quokka.
The arrow hits the gnoll.
The gnoll is moderately wounded.
The quokka bites you but does no damage.
A gnoll comes into view. It is wielding a +0 whip.
The gnoll barely misses you. x2; The quokka closely misses you.
1083 |||
Found retreat position at 1,0 (quokka; floor) with 0 blocking monsters and 3 monsters attacking at destination at distance 1 You shoot an arrow.
The arrow hits the quokka.
The quokka is moderately wounded.
The quokka barely misses you.
The gnoll hits you from afar with a +0 halberd!
The gnoll hits you from afar with a +3 spear.
You die...

..........##.... #
..............# #
..............## #
...............# # #
#.............###+#+#
.................%......
....###.>.K.............
.......##g..............
..........@rgg.............
..........g####...''%.......
........##...##...##........
....... #.........##........
.....###...................
......................#####
.. ####..................#
..##................#....#
...............)....#....#


You could see 4 gnolls, a quokka and a kobold.

Vanquished Creatures
  2 dart slugs
  2 ball pythons (D:1)
  2 endoplasms
  A giant cockroach (D:1)
  4 hobgoblins (D:1)
  3 bats (D:1)
  3 kobolds (D:1)
  2 rats
19 creatures vanquished.

Notes
Turn   | Place    | Note
-------+----------+-------------------------------------------
     0 | D:1      | qw the Gargoyle Hunter began the quest for the Orb.
     0 | D:1      | Reached XP level 1. HP: 12/12 MP: 1/1
     0 | D:1      | 0 ||| qw: Version: 0.3-a-75-g829b12e
     0 | D:1      | 0 ||| qw: Game counter: 173
     0 | D:1      | 0 ||| qw: Melee chars always use a shield: true
     0 | D:1      | 0 ||| qw: God list: Okawaru
     0 | D:1      | 0 ||| qw: Allow faded altars: false
     0 | D:1      | 0 ||| qw: Do Orc after clearing Dungeon:15 true
     0 | D:1      | 0 ||| qw: Do second Lair branch before Depths: true
     0 | D:1      | 0 ||| qw: Lair rune preference: random
     0 | D:1      | 0 ||| qw: Goals: Normal
     0 | D:1      | 0 ||| PLANNING D:1-11
   114 | D:1      | Found Nastreyxi's Distillery.
   121 | D:1      | 121 ||| SHOPLISTING potion of curing (42 gold, have 19).
   121 | D:1      | 121 ||| SHOPLISTING potion of haste (140 gold, have 19).
   121 | D:1      | 121 ||| SHOPLISTING potion of heal wounds (70 gold, have
                  | 19).
   148 | D:1      | Reached XP level 2. HP: 17/17 MP: 2/2
   956 | D:1      | 956 ||| READING scroll labelled UGERCH ILER IQI.
   957 | D:1      | 957 ||| READING scroll labelled MEKIOG ILAYG.
   958 | D:1      | 958 ||| DROPPING scroll of butterflies.
  1014 | D:2      | Reached XP level 3. HP: 21/21 MP: 3/3
  1058 | D:2      | 1058 ||| RETREATING.
  1072 | D:2      | 1072 ||| Stepping ~*~*~tactically~*~*~ (outnumbered).
  1073 | D:2      | 1073 ||| Stepping ~*~*~tactically~*~*~ (retreating).
  1074 | D:2      | 1074 ||| Stepping ~*~*~tactically~*~*~ (retreating).
  1075 | D:2      | 1075 ||| Stepping ~*~*~tactically~*~*~ (retreating).
  1076 | D:2      | 1076 ||| Stepping ~*~*~tactically~*~*~ (retreating).
  1077 | D:2      | 1077 ||| Stepping ~*~*~tactically~*~*~ (retreating).
  1078 | D:2      | 1078 ||| Stepping ~*~*~tactically~*~*~ (retreating).
  1079 | D:2      | 1079 ||| Stepping ~*~*~tactically~*~*~ (retreating).
  1083 | D:2      | HP: 4/21 [gnoll/+0 halberd (10)]
  1083 | D:2      | Slain by a gnoll

Levels and vault maps discovered:
D:1:      nicolae_arrival_somewhat_less_tricky_arrival, layout_basic,
          serial_shops, nicolae_shop_getting_attention, minmay_misc_feat_alley,
          skrybe_limestone_x, patterned_corridor
D:2:      layout_basic, serial_shops, shop_fountains,
          ebering_ecumenical_altar_petrified, chequers_serial_rivers_micro_e,
          uniq_crazy_yiuf_cottage, uniq_terence

Action                     || total
---------------------------++-------
   Fire: Shortbow          ||    47
    Use: Scroll            ||     2
 Armour: Leather armour    ||    19
  Dodge: Dodged            ||    23

Table legend:
 A = Non-vault XP
 B = Vault XP
 C = Vault XP percentage of total XP
 D = Non-vault monster count
 E = Vault monster count
 F = Vault count percentage of total count
                 A         B        C        D         E       F
            +---------+---------+-------+---------+---------+-------
      Total |      36 |       0 |   0.0 |      19 |       0 |   0.0
            +---------+---------+-------+---------+---------+-------
        D:1 |      29 |       0 |   0.0 |      16 |       0 |   0.0
        D:2 |       7 |       0 |   0.0 |       3 |       0 |   0.0
            +---------+---------+-------+---------+---------+-------
